 Dungeon Crawl Stone Soup version 0.28-a0-1518-gbe868bca14 (webtiles) character file.

Game seed: 8245024508431590529

1715 lunkers the Geomancer (level 9, 0/52 HPs)
             Began as an Octopode Earth Elementalist on Jan 16, 2022.
             Was a Follower of Ashenzari.
             Slain by an orc warrior (18 damage)
             ... in a bailey.
             The game lasted 00:07:17 (6476 turns).

lunkers the Geomancer (Octopode Earth Elementalist) Turns: 6476, Time: 00:07:18

Health: 0/52       AC:  1    Str:  7    XL:     9   Next: 4%
Magic:  6/18       EV: 13    Int: 21    God:    Ashenzari [*.....]
Gold:   228        SH:  0    Dex: 13    Spells: 14/20 levels left

rFire   . . .      SeeInvis .   (no weapon)
rCold   . . .      Faith    .   (no shield)
rNeg    . . .      Spirit   .   (helmet restricted)
rPois   .          Reflect  .   u - amulet of regeneration
rElec   .          Harm     .   e - ring of Curses and Power {Fly, Bglg, Comp} (curse)
rCorr   .          Rampage  .   i - ring "Overhang to Understand" {Wiz, Range, Self} (curse)
Will    .....                   (no ring)
Stlth   ++++......              (no ring)
HPRegen 0.97/turn               (no ring)
MPRegen 0.16/turn               (no ring)
                                (no ring)
                                (no ring)

@: flying
A: almost no armour, amphibious, 8 rings, camouflage 1, gelatinous body 1,
nimble swimmer 1, tentacles
a: Renounce Religion, Shatter the Chains


You were in a bailey.
You worshipped Ashenzari.
Ashenzari was aware of your devotion.
You visited 2 branches of the dungeon, and saw 8 of its levels.
You also visited: Bailey.

You collected 228 gold pieces.

Inventory:

Missiles
 b - 78 stones
Jewellery
 c - a ring of fire
 e - the cursed ring of Curses and Power (left tentacle) {Fly, Bglg, Comp}
   (You found it on level 1 of the Dungeon)

   [ring of flight]

   Fly:       It grants you flight.
   It has a curse which improves the following skills: Beguiling: Conjurations,
   Hexes and Translocations.
   Companions: Summonings and Necromancy.
 i - the cursed ring "Overhang to Understand" (right tentacle) {Wiz, Range, Self}
   (You found it on level 3 of the Dungeon)

   [ring of wizardry]

   It improves your spell success rate.
   It has a curse which improves the following skills: Ranged Combat: Slings,
   Bows, Crossbows and Throwing.
   Introspection: Fighting and Spellcasting.
 u - an amulet of regeneration (around mantle)
Wands
 k - a wand of flame (13)
 p - a wand of charming (6)
 q - a wand of digging (3)
 r - a wand of iceblast (13)
Scrolls
 j - a scroll of fog
 l - 2 scrolls of vulnerability
 m - 2 scrolls of identify
Potions
 a - a potion of heal wounds
 d - 3 potions of curing
 f - 3 potions of magic


   Skills:
 + Level 0.4(0.8) Fighting
 + Level 2.1 Dodging
 + Level 2.9 Stealth
 + Level 5.4(6.2) Spellcasting
 + Level 5.1(5.9) Conjurations
 - Level 1.0 Transmutations
 * Level 8.6 Earth Magic


You had 14 spell levels left.
You knew the following spells:

 Your Spells              Type           Power      Damage    Failure   Level
a - Stone Arrow           Conj/Erth      74%        3d11      1%          3
b - Passwall              Tmut/Erth      21%        N/A       1%          2
c - Sandblast             Erth           84%        2d18      1%          1

Your spell library contained the following spells:

 Spells                   Type           Power      Damage    Failure   Level
 Conjure Flame            Conj/Fire      19%        6-21      3%          3
 Animate Skeleton         Necr           12%        N/A       4%          1
 Pain                     Necr           24%        1d5       4%          1
 Slow                     Hex            24%        N/A       4%          1
 Petrify                  Tmut/Erth      26%        N/A       5%          4
 Ignite Poison            Fire/Tmut/Pois 7%         N/A       11%         3
 Confusing Touch          Hex            6%         N/A       12%         3
 Vampiric Draining        Necr           6%         2d6       12%         3
 Sticky Flame             Conj/Fire      19%        2d4       12%         4


Dungeon Overview and Level Annotations

Branches:
Dungeon (7/15)             Temple (1/1) D:5          Bailey (1/1)

Altars:
Ashenzari
Cheibriados
Elyvilon
Fedhas
Gozag
Hepliaklqana
Kikubaaqudgha
Makhleb
Nemelex Xobeh
Qazlal
Ru
Sif Muna
Trog
Uskayaw
Vehumet
Wu Jian
Xom
Yredelemnul
Zin
The Shining One


Innate Abilities, Weirdness & Mutations

You cannot wear most types of armour.
You are amphibious.
You can wear up to eight rings at the same time.
Your skin changes colour to match your surroundings (Stealth+).
Your rubbery body absorbs attacks. (AC +1, EV +1)
You are camouflaged when in or above water. (Stealth+)
You have tentacles for arms and can constrict up to eight enemies at once.


Message History

The stone arrow hits the orc warrior!!
You kill the orc warrior!
You have reached level 9!
Your experience leads to an increase in your attributes!
Increase (S)trength, (I)ntelligence, or (D)exterity?
You feel clever. x2
You start resting.
HP restored.
Magic restored.
There is an open door here.
Things that are here:
a +0 glaive; a +0 chain mail
There is an open door here.
You reach down and open the door.
You reach down and open the door.
An orc warrior comes into view. It is wielding a +0 halberd.
Casting: Stone Arrow (safe; 1% risk of failure)
Confirm with . or Enter, or press ? or * to list all spells.
The stone arrow hits the orc warrior!
The orc warrior is moderately wounded.
The orc warrior shouts!
The orc warrior completely misses you.
Casting: Stone Arrow (safe; 1% risk of failure)
Confirm with . or Enter, or press ? or * to list all spells.
The stone arrow misses the orc warrior.
The orc warrior hits you from afar with a +0 halberd!
Casting: Stone Arrow (safe; 1% risk of failure)
Confirm with . or Enter, or press ? or * to list all spells.
The stone arrow hits the orc warrior!
The orc warrior is heavily wounded.
The orc warrior hits you from afar with a +0 halberd!!
* * * LOW HITPOINT WARNING * * *
Casting: Stone Arrow (safe; 1% risk of failure)
Confirm with . or Enter, or press ? or * to list all spells.
Aiming: Stone Arrow (safe; 1% risk of failure)
Press: ? - help, Shift-Dir - straight line, f/p - orc warrior
Aim: an orc warrior, wielding a +0 halberd and wearing a +0 scale mail (heavily wounded, 67% to hit)
The stone arrow misses the orc warrior.
The orc warrior hits you from afar with a +0 halberd!!
You die...

....≈≈)≈≈≈≈##≈≈#
....≈≈≈≈)≈≈##≈###
....≈≈≈≈≈≈≈##≈')#
....≈≈≈≈≈≈≈##≈###
....≈≈≈≈≈≈≈##≈'.#
....≈≈≈≈≈≈≈##≈#####
....≈≈≈≈≈≈≈≈#≈≈##o#
....≈≈≈≈≈≈≈≈##≈≈#'#+#≈≈#
....≈≈≈≈≈≈≈≈≈##≈@≈≈≈≈≈#
######### ....≈≈
....≈##o ....≈#o ....≈##
# ....≈≈### ....≈≈≈≈≈
.........


You could see an orc warrior.

Vanquished Creatures
  Eustachio (D:6)
  4 orc warriors (Bailey)
  A black bear (D:6)
  An ice beast (D:6)
  2 necrophages (D:5)
  An ogre (D:5)
  A centaur (D:5)
  2 scorpions (D:6)
  2 centaur zombies (D:6)
  A hound (D:5)
  A jelly (D:5)
  A centaur skeleton (D:5)
  An orc priest (D:4)
  2 bullfrog skeletons (D:5)
  3 iguanas
  An orc wizard (D:6)
  A hound zombie (D:5)
  10 adders
  A shadow imp (D:5)
  An ufetubus (D:6)
  A worm (D:3)
  3 dart slugs
  15 orcs
  5 ball pythons
  2 endoplasms
  4 giant cockroaches
  6 hobgoblins
  4 jackals
  8 kobolds
  2 quokkas
  8 bats
  A frilled lizard (D:1)
  6 goblins
  2 rats
105 creatures vanquished.

Notes
Turn   | Place    | Note
-------+----------+-------------------------------------------
     0 | D:1      | lunkers the Octopode Earth Elementalist began the quest for
                  | the Orb.
     0 | D:1      | Reached XP level 1. HP: 11/11 MP: 3/3
   455 | D:2      | Reached XP level 2. HP: 17/17 MP: 1/5
   570 | D:2      | Found a snail-covered altar of Cheibriados.
   781 | D:2      | Reached XP level 3. HP: 21/21 MP: 2/6
  1092 | D:2      | Reached skill level 4 in Earth Magic
  1116 | D:2      | Found a faded altar of an unknown god.
  1369 | D:2      | Learned a level 2 spell: Passwall
  1373 | D:2      | Learned a level 3 spell: Stone Arrow
  1713 | D:3      | Found a burning altar of Makhleb.
  1717 | D:3      | Found a glowing silver altar of Zin.
  1717 | D:3      | Noticed an angel
  1719 | D:3      | Noticed a balrug
  1741 | D:3      | Reached XP level 4. HP: 27/27 MP: 3/7
  2122 | D:3      | Reached skill level 1 in Conjurations
  2537 | D:4      | Reached XP level 5. HP: 29/31 MP: 0/9
  3137 | D:5      | Entered Level 5 of the Dungeon
  3381 | D:5      | Reached skill level 5 in Earth Magic
  3457 | D:5      | Noticed an ogre
  3467 | D:5      | Killed an ogre
  3468 | D:5      | Reached XP level 6. HP: 36/36 MP: 3/10
  3532 | D:5      | Noticed a necrophage
  3536 | D:5      | Killed a necrophage
  3765 | D:5      | Found a staircase to the Ecumenical Temple.
  3775 | D:5      | Reached skill level 6 in Earth Magic
  3775 | D:5      | Reached XP level 7. HP: 37/41 MP: 3/12
  3780 | Temple   | Entered the Ecumenical Temple
  3974 | Temple   | Became a worshipper of Ashenzari the Shackled
  4811 | D:6      | Reached skill level 7 in Earth Magic
  4880 | D:6      | Reached XP level 8. HP: 46/46 MP: 10/14
  5440 | D:6      | Noticed Eustachio
  5445 | D:6      | Killed Eustachio
  5759 | D:6      | Reached skill level 5 in Spellcasting
  5759 | D:6      | Reached skill level 8 in Earth Magic
  6204 | D:7      | Found a flagged portal.
  6213 | Bailey   | Entered a bailey
  6252 | Bailey   | Reached * piety under Ashenzari
  6293 | Bailey   | Reached skill level 5 in Conjurations
  6418 | Bailey   | Reached XP level 9. HP: 34/52 MP: 11/18
  6476 | Bailey   | Slain by an orc warrior

Illustrated notes

Levels and vault maps discovered:
D:1:      wander_arrival_lonely_grave, layout_rooms
D:2:      layout_basic, nicolae_ecumenical_lake_church, basic_altar,
          chequers_mini_garden
D:3:      wad_pebble_path, layout_rooms, grunt_temple_overflow_order_and_chaos_2
D:4:      layout_loops_ring
D:5:      layout_cave_pools, temple_statues, serial_column_ruins,
          column_ruins_circle_medium, column_ruins_hut, column_ruins_open_tiny,
          column_ruins_open_small, column_ruins_open_small,
          column_ruins_open_medium, column_ruins_open_small,
          column_ruins_columns_dead_end, nicolae_concentric_dashed_squares_wild,
          item_on_display_a
D:6:      layout_loops_corners, uniq_eustachio
D:7:      layout_basic, enter_bailey_2, gup_ossuary_entry_pyramid
Temple:   mainiacjoe_temple_coin_purse
Bailey:   bailey_polearm_2, bailey

Skill      XL: |  1  2  3  4  5  6  7  8 |
---------------+-------------------------+-----
Earth Magic    | 4 5 6 7 8 |  8.6
Conjurations   | 1 2 3 5 |  5.1
Spellcasting   | 3 4 5 |  5.4
Fighting       | |  0.4
Dodging        | |  2.1
Stealth        | |  2.9
Transmutations | |  1.0

Action                   |  1- 3 |  4- 6 |  7- 9 || total
-------------------------+-------+-------+-------++-------
Melee: Unarmed           |     1 |     6 |    19 ||    26
       Tentacles         |     1 |     4 |     4 ||     9
       Constrict         |     1 |     2 |     4 ||     7
       Punch             |       |     1 |       ||     1
 Cast: Sandblast         |    51 |    55 |    12 ||   118
       Stone Arrow       |       |     9 |    53 ||    62
Invok: Curse Item        |       |       |     2 ||     2
Evoke: Wand              |       |       |     3 ||     3
  Use: Scroll            |     3 |       |    10 ||    13
Armor: Skin              |     1 |       |     3 ||     4
Dodge: Dodged            |    12 |    14 |    16 ||    42

Table legend: (Time is in decaauts)
 A = Elapsed time spent in this place.
 B = Non-inter-level travel time spent in this place.
 C = Inter-level travel time spent in this place.
 D = Time resting spent in this place.
 E = Time spent auto-exploring this place.
 F = Levels seen in this place.
 G = Mean time per level.
                   A        B        C        D        E       F      G
               +--------+--------+--------+--------+--------+-----+--------+
         Total |   6474 |   6351 |    123 |    278 |   5349 |   9 |  719.3 |
       Dungeon |   6004 |   5894 |    110 |    223 |   5050 |   7 |  857.7 |
        Temple |    206 |    193 |     13 |      0 |    149 |   1 |  206.0 |
        Bailey |    262 |    262 |      0 |     55 |    150 |   1 |  262.0 |
               +--------+--------+--------+--------+--------+-----+--------+

Top non-repeatable levels by time:
     D:6: 1460 daAuts
     D:5: 1204 daAuts
     D:2: 1071 daAuts
     D:3: 954 daAuts
     D:4: 851 daAuts
     D:1: 452 daAuts
  Bailey: 262 daAuts
  Temple: 206 daAuts
     D:7: 9 daAuts
